Map: Prion Terraces

Players

iamsobuf

  • Race: Terran Terran
  • League: Platinum

Grumm - Winner!

  • Race: Protoss Protoss
  • League: Gold

VOD

Have the link to the VOD?

Description

Time

  • Played on: Jan. 8, 2016, 2:16 a.m.
  • Length: 12:32
Show
View Real Time Build Order
Export as new Build Order

iamsobuf Terran 

Build Orders: MMM Bio 

Get SALT Encoding   

  12  0:02  SCV  
  13  0:15  SCV  
  14  0:26  Supply Depot  
  14  0:27  SCV  
  15  0:32  Refinery  
  15  0:47  SCV  
  16  0:55  Barracks  
  16  0:59  SCV  
  17  1:09  Refinery  
  17  1:12  SCV  
  18  1:24  SCV  
  18  1:36  SCV  
  19  1:43  Reaper  
  20  1:49  Orbital Command, Supply Depot  
  20  1:56  Factory  
  20  2:14  SCV  
  21  2:21  Barracks Reactor  
  21  2:26  SCV  
  22  2:34  Engineering Bay  
  22  2:39  SCV  
  22  2:41  Widow Mine  
  25  2:45  Starport  
  25  2:51  SCV  
  26  2:52  Supply Depot  
  26  2:58  Marine  
  26  3:00  Marine  
  28  3:14  SCV  
  28  3:15  Widow Mine  
  28  3:16  Marine  
  31  3:22  Medivac  
  31  3:26  SCV  
  34  3:28  Missile Turret  
  34  3:35  Marine  
  34  3:38  SCV  
  36  3:42  Supply Depot  
  36  3:52  Widow Mine  
  39  4:02  SCV  
  39  4:04  Starport Reactor  
  39  4:06  Command Center  
  39  4:07  Marine x2  
  41  4:16  SCV  
  42  4:18  Barracks  
  42  4:26  Marine  
  42  4:29  Factory Tech Lab  
  43  4:32  SCV  
  43  4:34  Marine  
  45  4:44  Medivac, Marine  
  47  4:57  Marine  
  47  4:58  Medivac  
  45  5:06  SCV  
  42  5:10  Barracks Tech Lab  
  42  5:11  Command Center  
  42  5:14  Barracks  
  42  5:19  Cyclone  
  45  5:22  SCV  
  45  5:23  Liberator  
  46  5:31  Orbital Command  
  46  5:33  Stimpack  
  49  5:43  Marine  
  50  5:52  SCV  
  50  5:55  Widow Mine  
  53  6:04  SCV  
  53  6:06  Orbital Command  
  54  6:14  Bunker, Marauder, Refinery  
  54  6:15  Marine  
  57  6:21  Missile Turret  
  57  6:25  Barracks Reactor  
  57  6:27  Orbital Command  
  57  6:29  SCV  
  58  6:44  Marauder, Marine x2  
  62  6:49  SCV x2  
  64  6:55  Refinery  
  64  7:00  SCV  
  64  7:01  SCV x2  
  67  7:02  Liberator  
  67  7:04  Engineering Bay  
  67  7:08  Marine  
  68  7:12  SCV  
  68  7:13  SCV x2  
  71  7:20  Marauder, Marine  
  77  7:27  SCV  
  77  7:28  SCV  
  77  7:29  Supply Depot  
  77  7:30  Marine, SCV  
  77  7:32  Supply Depot  
  77  7:34  Concussive Shells  
  73  7:39  SCV  
  73  7:40  SCV  
  73  7:42  SCV  
  73  7:46  Marine  
  73  7:47  Marauder, Marine  
  73  7:50  Marine  
  73  7:51  Medivac, Marine  
  80  7:52  SCV x2  
  80  7:54  SCV  
  77  8:04  Marine x2, SCV  
  75  8:07  Marine  
  75  8:08  Marauder, Marine  
  75  8:09  SCV  
  75  8:10  Terran Infantry Armor Level 1  
  80  8:13  Terran Infantry Weapons Level 1  
  80  8:16  SCV x2  
  81  8:22  Marine x2  
  81  8:25  Marine  
  84  8:29  Marauder  
  84  8:39  Marine  
  84  8:40  Marine x2, SCV  
  87  8:42  SCV  
  87  8:46  Medivac, Marine, Armory  
  91  8:51  Marauder  
  91  8:52  SCV  
  92  8:56  Orbital Command, Supply Depot  
  92  8:57  Marine  
  92  8:58  Supply Depot  
  92  9:00  Supply Depot  
  92  9:01  Barracks  
  93  9:14  Combat Shields, Marauder, Marine x3, SCV  
  93  9:16  Marine  
  100  9:17  Medivac  
  101  9:24  Bunker  
  101  9:25  SCV  
  101  9:26  Bunker, SCV x2  
  96  9:32  Marine  
  96  9:36  Marauder  
  96  9:37  SCV  
  100  9:38  SCV  
  100  9:39  Marine  
  100  9:42  Siege Tank  
  105  9:46  SCV  
  105  9:49  SCV  
  105  9:50  SCV  
  108  9:53  Medivac  
  108  9:57  Marauder  
  108  9:58  Supply Depot  
  112  10:01  SCV  
  112  10:03  SCV, Barracks Reactor  
  112  10:04  Barracks Tech Lab  
  99  10:07  Marine x3  
  99  10:08  Marine  
  99  10:13  Viking  
  90  10:15  SCV  
  90  10:19  Marauder  
  93  10:23  Viking  
  93  10:24  Missile Turret  
  93  10:25  Marine x4, SCV  
  93  10:26  SCV  
  101  10:31  Missile Turret  
  101  10:32  Missile Turret  
  101  10:34  Marine  
  101  10:35  SCV  
  103  10:40  Marauder  
  103  10:41  Bunker, SCV  
  106  10:43  Bunker, Marine x4  
  106  10:46  Medivac  
  112  10:53  Medivac, Marauder  
  116  11:01  Marauder, Marine x2  
  111  11:05  Missile Turret  
  111  11:09  SCV  
  97  11:14  Marauder, Marine x2  
  97  11:16  Viking  
  89  11:19  Marine  
  89  11:20  Marine  
  89  11:23  Marauder, Viking  
  82  11:32  Marine x2  
  75  11:35  Orbital Command, Marauder  
  75  11:36  Marine  
  75  11:38  Marine  
  71  11:44  Marauder, SCV  
  71  11:46  Viking  
  68  11:50  Marine x2  
  68  11:53  Viking  
  63  11:54  Marine  
  63  11:56  Marine x2, SCV  
  58  12:05  Marine  
  58  12:08  Marine x2  
  56  12:12  Marine  
  56  12:13  Marine  
Show
View Real Time Build Order
Export as new Build Order

Grumm Protoss - Winner!

Build Orders: 1 Gate Expand 

Get SALT Encoding   

  12  0:01  Probe (Chrono Boost)  
  13  0:11  Probe (Chrono Boost)  
  14  0:22  Pylon  
  14  0:24  Probe (Chrono Boost)  
  15  0:30  Assimilator  
  15  0:41  Probe (Chrono Boost)  
  16  0:43  Gateway  
  16  0:51  Probe (Chrono Boost)  
  17  1:02  Probe (Chrono Boost)  
  18  1:18  Probe (Chrono Boost)  
  19  1:28  Nexus  
  19  1:29  Probe (Chrono Boost)  
  20  1:39  Probe (Chrono Boost)  
  21  1:52  Probe (Chrono Boost)  
  22  1:56  Pylon  
  22  2:02  Probe (Chrono Boost)  
  22  2:03  Pylon  
  23  2:09  Assimilator  
  23  2:14  Zealot (Chrono Boost)  
  25  2:18  Gateway  
  24  2:34  Cybernetics Core  
  24  2:37  Forge  
  24  2:41  Zealot (Chrono Boost)  
  26  2:54  Pylon  
  26  3:06  Protoss Ground Weapons Level 1  
  26  3:21  Probe  
  26  3:22  Photon Cannon  
  26  3:25  Probe  
  28  3:31  Adept (Chrono Boost)  
  28  3:34  Probe  
  31  3:36  Warp Gate (Chrono Boost)  
  31  3:37  Probe  
  32  3:42  Adept  
  34  3:51  Photon Cannon  
  34  3:53  Probe  
  35  4:01  Gateway  
  35  4:06  Probe  
  35  4:07  Pylon  
  36  4:15  Stalker  
  37  4:17  Stalker  
  38  4:21  Probe  
  41  4:26  Photon Cannon  
  31  5:02  Probe x2  
  33  5:09  Assimilator  
  33  5:14  Probe  
  33  5:15  Probe  
  33  5:19  Stargate  
  33  5:21  Stargate  
  35  5:26  Probe  
  35  5:27  Mothership Core  
  38  5:29  Gateway  
  38  5:39  Probe  
  38  5:41  Pylon  
  39  5:45  Pylon  
  39  5:48  Probe  
  40  5:50  Photon Cannon  
  40  5:51  Probe  
  39  6:00  Probe  
  39  6:01  Photon Cannon  
  39  6:03  Probe, Nexus  
  41  6:12  Probe  
  41  6:13  Oracle  
  41  6:14  Oracle  
  48  6:21  Stalker  
  50  6:33  Protoss Ground Armor Level 1  
  50  6:34  Pylon  
  50  6:39  Pylon  
  50  6:43  Pylon  
  50  6:45  Probe x2  
  52  6:49  Stalker  
  52  6:50  Stalker  
  52  6:53  Zealot  
  58  6:54  Sentry  
  60  7:04  Probe  
  60  7:05  Probe  
  62  7:18  Zealot  
  62  7:19  Zealot x3  
  52  7:54  Zealot x4  
  52  7:55  Probe x2  
  52  7:57  Void Ray x2  
  66  7:59  Probe  
  67  8:06  Assimilator  
  67  8:07  Probe x2  
  67  8:09  Probe  
  66  8:17  Robotics Facility  
  66  8:19  Probe  
  66  8:20  Probe x2  
  66  8:28  Stalker  
  66  8:29  Stalker x2  
  66  8:31  Stalker  
  68  8:48  Void Ray  
  68  8:50  Void Ray  
  76  8:57  Photon Cannon  
  76  8:58  Probe  
  76  8:59  Probe x2  
  76  9:00  Pylon  
  79  9:02  Assimilator  
  79  9:05  Assimilator  
  79  9:09  Stalker x2  
  83  9:18  Zealot  
  83  9:19  Stalker  
  83  9:32  Probe  
  83  9:37  Probe  
  84  9:39  Probe  
  84  9:44  Probe  
  87  9:47  Zealot  
  87  9:48  Zealot x3  
  87  9:51  Void Ray x2, Probe  
  104  9:57  Probe  
  104  9:58  Probe  
  106  10:01  Photon Cannon  
  100  10:09  Zealot x3  
  100  10:10  Zealot  
  108  10:24  Probe  
  109  10:37  Void Ray x2  
  109  10:42  Stalker x4  
  125  10:47  Pylon  
  125  10:48  Pylon  
  125  10:50  Pylon x2  
  107  11:23  Zealot x4  
  113  11:26  Void Ray x2  
  117  11:53  Stalker x4  
  125  12:10  Gateway  
  125  12:24  Stalker  
  125  12:25  Stalker x3  
Tags
 
Add a new tag
Caveats
  • Supply blocks, unpowered buildings, or Contaminate may cause inaccurate times.
  • Supply counts are checked every 10 seconds.